 Dungeon Crawl Stone Soup version 0.30.0-11-gf55b779eaf (webtiles) character file.

Game seed: 9045609903821045987

2328 GigaChad the Cleaver (level 9, 0/79 HPs)
             Began as an Armataur Fighter on May 17, 2023.
             Was a Follower of the Shining One.
             Slain by a gnoll sergeant
             ... wielding a +3 spear of venom
              (10 damage)
             ... on level 7 of the Dungeon.
             The game lasted 00:07:20 (4866 turns).

GigaChad the Cleaver (Armataur Fighter)             Turns: 4866, Time: 00:07:20

Health: 0/79       AC: 19    Str: 24    XL:     9   Next: 19%
Magic:  9/9        EV:  4    Int:  8    God:    the Shining One [*.....]
Gold:   353        SH:  5    Dex: 12    Spells: 8/8 levels left

rFire   + . .        a - +2 war axe
rCold   + . .        c - +0 buckler
rNeg    . . .        x - +0 plate armour
rPois   .            (no helmet)
rElec   .            e - scarf {rC+ rF+}
rCorr   .            (no gloves)
SInv    .            (no barding)
Will    .....        (no amulet) Stlth
                     h - +4 ring of protection
HPRegen 0.33/turn    r - +4 ring of protection
MPRegen 0.11/turn

%: roll
@: lethally poisoned (0 -> -12), glowing
A: large, rugged brown scales 3, deformed body, armoured tail, roll, long
tongue, awkward tongue
a: Renounce Religion, Divine Shield


You were on level 7 of the Dungeon.
You worshipped the Shining One.
The Shining One was aware of your devotion.
You visited 2 branches of the dungeon, and saw 8 of its levels.

You collected 353 gold pieces.

Inventory:

Hand Weapons
 a - a +2 war axe (weapon)
Missiles
 B - a throwing net (quivered)
Armour
 b - a +0 scale mail
 c - a +0 buckler (worn)
 e - a scarf of resistance (worn)
 g - a +0 chain mail
 x - a +0 plate armour (worn)
 y - a +0 cloak
 z - a +1 cloak
Jewellery
 h - a +4 ring of protection (left hand)
 m - a ring of protection from cold
 r - a +4 ring of protection (right hand)
 t - a ring of wizardry
 w - an amulet of faith
Wands
 A - a wand of flame (30)
 F - a wand of roots (6)
Scrolls
 o - a scroll of blinking
 p - a scroll of noise
 q - 2 scrolls of amnesia
 v - 3 scrolls of identify
 C - a scroll of torment {unknown}
 E - a scroll of acquirement {unknown}
 H - a scroll of enchant weapon
Potions
 d - 2 potions of might
 f - 5 potions of curing
 i - 2 potions of heal wounds
 j - a potion of mutation {unknown}
 k - 3 potions of flight {unknown}
 l - 5 potions of haste {unknown}
 n - a potion of lignification {unknown}
 s - a potion of cancellation {unknown}
 u - 2 potions of ambrosia {unknown}
 D - a potion of attraction {unknown}
 G - a potion of magic {unknown}


   Skills:
 * Level 5.1 Fighting
 * Level 8.0 Axes
 * Level 6.6 Armour
 - Level 0.1 Dodging
 * Level 5.7 Shields


You had 8 spell levels left.
You didn't know any spells.
Your spell library contained the following spells:

 Spells                   Type           Power      Damage    Failure   Level
 Blink                    Tloc           0%         N/A       100%        2
 Lesser Beckoning         Tloc           0%         N/A       100%        2
 Momentum Strike          Conj/Tloc      0%         3d8       100%        2
 Gell's Gravitas          Tloc           0%         N/A       100%        3
 Summon Guardian Golem    Hex/Summ       0%         N/A       100%        3
 Teleport Other           Tloc           0%         N/A       100%        3
 Vhi's Electric Charge    Tloc/Air       0%         N/A       100%        3
 Arcjolt                  Conj/Air       0%         1d10      100%        5
 Conjure Ball Lightning   Conj/Air       0%         3x3d6     100%        6
 Plasma Beam              Fire/Air       0%         2x1d11    100%        6
 Orb of Destruction       Conj           0%         9d5       100%        7
 Spellforged Servitor     Conj/Summ      0%         N/A       100%        7
 Discord                  Hex            0%         N/A       100%        8
 Disjunction              Tloc           0%         N/A       100%        8


Dungeon Overview and Level Annotations

Branches:
Dungeon (7/15)             Temple (1/1) D:5

Altars:
Cheibriados
Dithmenos
Elyvilon
Gozag
Hepliaklqana
Nemelex Xobeh
Okawaru
Qazlal
Ru
Uskayaw
Vehumet
Wu Jian
Xom
The Shining One

Shops:
D:3 (   D:5 (   D:6 *   D:7 :


Innate Abilities, Weirdness & Mutations

You are completely covered in rugged brown scales. (AC +3, +7% HP)
Armour fits poorly on your strangely shaped body.
You have a long armoured tail.
You roll when moving toward enemies. (Rampage)
Your long tongue fully drains potion bottles. (2x potion effects)
Your tongue gives you trouble enunciating. (1.5x scroll delay)


Message History

You kill the gnoll!
You feel very sick.
The gnoll sergeant hits you but does no damage.
You are more poisoned.
The gnoll hits you but does no damage.
Unknown command.
You feel very sick. The gnoll hits you but does no damage.
The gnoll sergeant hits you with a +3 spear of venom.
Things that are here:
a +0 whip; a gnoll corpse Unknown command.
You slash the gnoll sergeant!
The gnoll sergeant is heavily wounded.
You feel very sick.
The gnoll sergeant hits you with a +3 spear of venom!
The gnoll hits you from afar with a +1 halberd of protection.
You feel very sick. The gnoll hits you but does no damage.
The gnoll sergeant hits you with a +3 spear of venom.
You are more poisoned.
You see here a +0 club.
You hit the gnoll sergeant.
The gnoll sergeant is heavily wounded.
You slash the gnoll!
* * * LOW HITPOINT WARNING * * *
You feel very sick.
The gnoll hits you with a +1 halberd of protection.
* * * LOW HITPOINT WARNING * * *
You block the gnoll sergeant's attack.
You hit the gnoll sergeant but do no damage.
You tail-slap the gnoll sergeant, but do no damage.
The gnoll sergeant is heavily wounded.
You hit the gnoll.
* * * LOW HITPOINT WARNING * * *
You feel very sick.
The gnoll hits you with a +1 halberd of protection.
* * * LOW HITPOINT WARNING * * *
The gnoll sergeant hits you with a +3 spear of venom!
You die...

.........)).....##........
..#....8..#.....##.#..##..
####.._...#.....#.........
#..)8..## ####.≈≈≈≈≈≈≈≈
#.#))..# #...≈.......
#.#..#<#####.#.≈.≈≈≈§≈.
#..............≈o≈...§.
###......####).≈o§._.≈.
#####..#..g@)≈o§go.≈§
####### #.....g..≈.§≈≈.≈.
....... #...>....≈......
####### .#.......≈≈≈≈≈.≈ #
#......#........ #
##........###### #
########## # #


You could see a gnoll sergeant, 2 gnolls and 4 orcs.

Vanquished Creatures
  Grinder (D:5)
  A hornet (D:7)
  Edmund (D:5)
  A water moccasin (D:7)
  An acid dragon (D:7)
  An ice beast (D:5)
  A sky beast (D:4)
  A black bear (D:5)
  2 ogres (D:5)
  2 scorpions (D:5)
  A bullfrog (D:4)
  A gnoll sergeant (D:6)
  5 wights (D:7)
  A howler monkey (D:7)
  A jelly (D:5)
  3 hounds
  An orc priest (D:7)
  Crazy Yiuf (D:6)
  4 iguanas
  3 orc wizards
  Robin (D:2)
  7 gnolls
  5 adders
  A white imp (D:5)
  2 ufetubi (D:6)
  2 worms
  5 dart slugs
  17 orcs
  8 endoplasms
  2 giant cockroaches (D:4)
  13 hobgoblins
  A jackal (D:3)
  3 quokkas
  11 ball pythons
  3 bats (D:3)
  6 frilled lizards
  6 goblins
  6 kobolds
  7 rats
139 creatures vanquished.

Notes
Turn   | Place    | Note
-------+----------+-------------------------------------------
     0 | D:1      | GigaChad the Armataur Fighter began the quest for the Orb.
     0 | D:1      | Reached XP level 1. HP: 19/19 MP: 1/1
   202 | D:1      | Reached XP level 2. HP: 26/26 MP: 2/2
   304 | D:1      | Reached skill level 2 in Axes
   668 | D:2      | Noticed Robin
   681 | D:2      | Reached XP level 3. HP: 32/33 MP: 3/3
   703 | D:2      | Killed Robin
  1335 | D:3      | Reached XP level 4. HP: 40/40 MP: 4/4
  1390 | D:3      | Found a glowing golden altar of the Shining One.
  1405 | D:3      | Became a worshipper of the Shining One
  1427 | D:3      | Found a shadowy altar of Dithmenos.
  1452 | D:3      | Found Pepne's Weapon Shop.
  1590 | D:3      | Found an iron altar of Okawaru.
  1771 | D:3      | Found a radiant altar of Vehumet.
  1789 | D:3      | Reached skill level 3 in Axes
  1838 | D:4      | Noticed a bullfrog
  1846 | D:4      | Killed a bullfrog
  1847 | D:4      | Reached XP level 5. HP: 42/48 MP: 5/5
  1948 | D:4      | Found a stormy altar of Qazlal.
  2032 | D:4      | Noticed a sky beast
  2040 | D:4      | Killed a sky beast
  2041 | D:4      | Reached skill level 4 in Axes
  2041 | D:4      | Reached XP level 6. HP: 54/54 MP: 6/6
  2375 | D:5      | Entered Level 5 of the Dungeon
  2375 | D:5      | Noticed an ice beast
  2380 | D:5      | Killed an ice beast
  2472 | D:5      | Reached XP level 7. HP: 58/62 MP: 7/7
  2525 | D:5      | Reached skill level 5 in Axes
  2591 | D:5      | Found a staircase to the Ecumenical Temple.
  2601 | Temple   | Entered the Ecumenical Temple
  2619 | D:5      | Noticed Grinder
  2622 | D:5      | Reached skill level 5 in Armour
  2630 | D:5      | Paralysed by Grinder for 5 turns
  2641 | D:5      | Paralysed by Grinder for 5 turns
  2646 | D:5      | Killed Grinder
  2864 | D:5      | Reached skill level 6 in Axes
  2953 | D:5      | Noticed Edmund
  2956 | D:5      | Reached XP level 8. HP: 70/70 MP: 8/8
  2962 | D:5      | Killed Edmund
  2963 | D:5      | Reached skill level 5 in Shields
  3199 | D:5      | Found Peluos's Weapon Emporium.
  3270 | D:5      | Found a snail-covered altar of Cheibriados.
  3343 | D:5      | Reached * piety under the Shining One
  3860 | D:6      | Found a shimmering altar of Xom.
  3943 | D:6      | Found Dyinn's Assorted Antiques.
  3984 | D:6      | Found a runed translucent door.
  3984 | D:6      | Found the +6 shillelagh "Devastator" {shatter}
  3985 | D:6      | Noticed Crazy Yiuf
  3993 | D:6      | Killed Crazy Yiuf
  4152 | D:6      | Found a hazy altar of Hepliaklqana.
  4200 | D:7      | Found a hide-covered altar of Uskayaw.
  4206 | D:7      | Reached skill level 7 in Axes
  4491 | D:7      | Noticed a hornet
  4493 | D:7      | Paralysed by a hornet for 1 turns
  4496 | D:7      | Paralysed by a hornet for 3 turns
  4504 | D:7      | Killed a hornet
  4505 | D:7      | Reached XP level 9. HP: 27/78 MP: 9/9
  4682 | D:7      | Found Guler's Book Shoppe.
  4744 | D:7      | Found a sparkling altar of Nemelex Xobeh.
  4755 | D:7      | Reached skill level 5 in Fighting
  4765 | D:7      | Reached skill level 8 in Axes
  4850 | D:7      | Found a white marble altar of Elyvilon.
  4866 | D:7      | Slain by a gnoll sergeant

Illustrated notes

Levels and vault maps discovered:
D:1:      eino_arrival_tree_alley, layout_rooms, minmay_misc_feat_tower
D:2:      minmay_general_purpose_star, layout_loops_ring, uniq_robin
D:3:      layout_rooms, mainiacjoe_overflow_alcove_1, grunt_dithmenos_smoke,
          okawaru_gym_becter, lemuel_tele_altar, serial_shops, shop,
          kennysheep_generic_room_10
D:4:      layout_cave_pools, mainiacjoe_overflow_alcove_2,
          gup_sewer_entry_spiral, hangedman_abyss_or_decor_slice,
          minmay_manual_macuahuitl
D:5:      layout_basic, cheibriados_altar_1, minmay_temple_entry_sparse_star,
          serial_shops, shop, uniq_edmund, uniq_grinder
D:6:      cheibrodos_iron_armory, layout_rooms, xom_teletrap_fun,
          nicolae_hepliaklqana_hippocampus, serial_shops, shop,
          uniq_crazy_yiuf_cottage
D:7:      layout_loops_cross, mainiacjoe_overflow_concentric_impassable,
          serial_shops, shop, hangedman_feature_mirror
Temple:   hellmonk_temple_flake

Skill      XL: |  1  2  3  4  5  6  7  8  9 |
---------------+----------------------------+-----
Axes           | 2 3 4 6 7 8 |  8.0
Fighting       | 3 4 5 |  5.1
Armour         | 4 5 6 |  6.6
Shields        | 4 5 |  5.7
Dodging        | |  0.1

Action                     |  1- 3 |  4- 6 |  7- 9 || total
---------------------------+-------+-------+-------++-------
  Melee: War axe           |   113 |   116 |   144 ||   373
         Tailslap          |    11 |     5 |    25 ||    41
    Use: Scroll            |     2 |     7 |       ||     9
 Armour: Scale mail        |     6 |       |       ||     6
         Chain mail        |    61 |    74 |       ||   135
         Plate armour      |       |    16 |   116 ||   132
  Dodge: Dodged            |    33 |    36 |    28 ||    97
  Block: Buckler           |    24 |    19 |    40 ||    83
